 Dungeon Crawl Stone Soup version 0.16-a0-3288-g377cd6f (webtiles) character file.

60 myeffort the Sneak (level 4, 0/23 HPs)
             Began as a Vine Stalker Assassin on Dec 24, 2014.
             Was an Initiate of Dithmenos.
             Succumbed to a worker ant's poison
             ... on level 3 of the Dungeon.
             The game lasted 00:05:15 (909 turns).

myeffort the Sneak (Vine Stalker Assassin)           Turns: 909, Time: 00:05:16

Health: 0/23       AC:  4    Str: 18    XL:     4   Next: 4%
Magic:  0/5        EV: 17    Int: 11    God:    Dithmenos [......]
Gold:   96         SH:  0    Dex: 22    Spells: 0 memorised, 3 levels left

rFire  . . .     SeeInvis .     a - +2 dagger
rCold  . . .     Clarity  .     c - +0 robe
rNeg   . . .     SustAb   .     (no shield)
rPois  +         Gourm    .     i - +0 helmet
rElec  .         Spirit   +     d - +0 cloak
rCorr  .         Warding  .     (no gloves)
rMut   .         Stasis   .     (no boots)
MR     .....                    (no amulet)
Stlth  +++++.....               (no ring)
                                j - ring of poison resistance

@: mighty, agile, lethally poisoned, not resistant to hostile enchantments,
quite stealthy
A: fangs 2, regeneration 1, magic shield, antimagic bite, no device heal 3, rot
immunity
a: Renounce Religion


You were on level 3 of the Dungeon.
You worshipped Dithmenos.
Dithmenos was noncommittal.
You were not hungry.

You visited 1 branch of the dungeon, and saw 3 of its levels.

You collected 96 gold pieces.

Inventory:

Hand weapons
 a - a +2 dagger (weapon)
 b - a +0 blowgun
 v - a +2 vampiric dagger
Missiles
 e - 8 poisoned needles
 f - 2 curare-tipped needles
 o - 4 needles of sleeping
Armour
 c - a +0 robe (worn)
 d - a +0 cloak (worn)
 i - a +0 helmet (worn)
Jewellery
 j - a ring of poison resistance (left hand)
 u - an uncursed amulet of resist mutation {unknown}
Scrolls
 p - a scroll of random uselessness {unknown}
 r - a scroll of enchant armour {unknown}
Comestibles
 g - a bread ration
 h - a meat ration
 q - a chunk of flesh
 t - a slice of pizza


   Skills:
 - Level 1.7 Fighting
 + Level 2.1 Short Blades
 - Level 1.7 Throwing
 - Level 0.7 Dodging
 + Level 6.7 Stealth


You had 3 spell levels left.
You didn't know any spells.

Dungeon Overview and Level Annotations

Branches:
Dungeon (3/15)

Altars:
Dithmenos
Nemelex Xobeh
Trog


Innate Abilities, Weirdness & Mutations

You have extremely sharp teeth.
Your natural rate of healing is unusually fast.
When hurt, damage is shared between your health and your magic reserves.
Your bite disrupts and absorbs the magic of your enemies.
Potions and wands cannot restore your health.
You are immune to rotting.


Message History

You barely miss the worker ant.
You bite the worker ant, but do no damage.
The worker ant is almost dead.
The worker ant barely misses you.
Drink which item? (? for menu, Esc to quit)
It was a potion of restore abilities.
You feel refreshed.
You feel sick. The worker ant bites you.
* * * LOW HITPOINT WARNING * * *
You are lethally poisoned!
The worker ant poisons you!
Drink which item? (? for menu, Esc to quit)
It was a potion of might.
You feel very mighty all of a sudden.
* * * LOW HITPOINT WARNING * * *
You feel sick. The worker ant bites you.
* * * LOW HITPOINT WARNING * * *
Read which item? (? for menu, Esc to quit)
As you read the scroll labeled TEOJ NAMUCW, it crumbles to dust.
The scroll dissolves into smoke.
It was a scroll of fog.
You die...

#........#
#........#
#........#
#........#
###.###'##
#. #..# ..
#§§# ...
#§§# ....
#§@# # .
#§a##
##§§# #..#
##..# ..#
... ...#
..>#


You could see a worker ant.

Vanquished Creatures
  3 adders
  An ooze (D:2)
  An orc (D:3)
  A ball python (D:2)
  2 bats (D:1)
  3 giant cockroaches
  4 goblins
  3 hobgoblins
  4 jackals (D:2)
  A quokka (D:3)
  A giant newt (D:1)
  2 kobolds
  5 rats
31 creatures vanquished.

Notes
Turn   | Place    | Note
--------------------------------------------------------------
     0 | D:1      | myeffort, the Vine Stalker Assassin, began the quest for the Orb.
     0 | D:1      | Reached XP level 1. HP: 11/11 MP: 1/1
    42 | D:1      | Reached skill level 5 in Stealth
   240 | D:1      | Reached XP level 2. HP: 15/15 MP: 0/3
   369 | D:2      | Found a sparkling altar of Nemelex Xobeh.
   490 | D:1      | Reached skill level 6 in Stealth
   490 | D:1      | Reached XP level 3. HP: 3/18 MP: 4/4
   647 | D:2      | Found a shadowy altar of Dithmenos.
   650 | D:2      | Became a worshipper of Dithmenos the Shadowed
   676 | D:2      | Found a bloodstained altar of Trog.
   808 | D:3      | Reached XP level 4. HP: 23/23 MP: 5/5
   908 | D:3      | HP: 1/23 [worker ant (1)]
   909 | D:3      | Succumbed to a worker ant's poison

Action                   |  1- 3 |  4- 6 || total
-------------------------+-------+-------++-------
Melee: Dagger            |    79 |    14 ||    93
  Use: Potion            |       |     4 ||     4
       Scroll            |       |     1 ||     1
 Stab: Sleeping          |     8 |       ||     8
